 Dungeon Crawl Stone Soup version 0.22-a0-570-g58866f5 (webtiles) character file.

784 Hebeh the Chopper (level 7, -4/61 HPs)
             Began as a Minotaur Fighter on June 30, 2018.
             Killed from afar by an orc wizard (9 damage)
             ... with a magic dart
             ... on level 5 of the Dungeon.
             The game lasted 00:11:28 (4507 turns).

Hebeh the Chopper (Minotaur Fighter)                Turns: 4507, Time: 00:11:28

Health: -4/61      AC:  7    Str: 22    XL:     7   Next: 55%
Magic:  6/6        EV:  8    Int:  5    God:
Gold:   218        SH: 10    Dex: 10    Spells: 6/6 levels left

rFire    . . .     SeeInvis .   a - +0 war axe
rCold    + . .     Gourm    .   c - +0 shield
rNeg     . . .     Faith    .   y - +0 scale mail
rPois    .         Spirit   .   (helmet restricted)
rElec    .         Reflect  .   (no cloak)
rCorr    .         Harm     .   (no gloves)
MR       .....                  (no boots)
Stlth    ..........             (no amulet)
HPRegen  0.20/turn              r - ring of protection from cold
MPRegen  0.10/turn              (no ring)

@: no status effects
A: retaliatory headbutt, horns 2
a: no special abilities


You were on level 5 of the Dungeon.
You were very hungry.

You visited 1 branch of the dungeon, and saw 5 of its levels.

You collected 218 gold pieces.

Inventory:

Hand Weapons
 a - a +0 war axe (weapon)
 b - a +0 hunting sling
 i - a +1 whip of venom
Missiles
 p - 22 sling bullets
Armour
 c - a +0 shield (worn)
 y - a +0 scale mail (worn)
Jewellery
 r - a ring of protection from cold (left hand)
Scrolls
 e - a scroll of immolation {unknown}
 g - 2 scrolls of fear {unknown}
 h - a scroll of magic mapping {unknown}
 j - a scroll of enchant weapon {unknown}
 k - 5 scrolls of identify {unknown}
 l - 4 scrolls of remove curse
 n - 3 scrolls of teleportation {unknown}
 o - 3 scrolls of enchant armour {unknown}
 u - a scroll of amnesia {unknown}
 w - a scroll of random uselessness {unknown}
Potions
 d - a potion of might
 m - 3 potions of curing {unknown}
 s - a potion of degeneration {unknown}
 t - 2 potions of flight {unknown}
 v - a potion of agility {unknown}
 x - 3 potions of heal wounds {unknown}
Comestibles
 f - 10 rations


   Skills:
 + Level 5.5 Fighting
 * Level 6.6 Axes
 + Level 2.0 Slings
 + Level 5.7 Armour
 + Level 5.6 Shields


You had 6 spell levels left.
You didn't know any spells.
Your spell library was empty.

Dungeon Overview and Level Annotations

Branches:
Dungeon (5/15)
 Temple: D:4-7

Altars:
Cheibriados
Dithmenos
Elyvilon
Hepliaklqana
Makhleb
Okawaru
Yredelemnul
Zin


Innate Abilities, Weirdness & Mutations

You reflexively headbutt those who attack you in melee.
You have a pair of horns on your head.


Message History

A magic dart appears from out of thin air!
The magic dart hits you!
* * * LOW HITPOINT WARNING * * *
The orc wizard completely misses you.
The orc priest calls upon Beogh to heal the orc wizard.
The orc wizard is healed somewhat.
Something tries to affect you, but you resist.
You slash the orc priest!
You kill the orc priest!
You closely miss the orc wizard. You block the orc wizard's attack.
The orc wizard casts a spell at you. The magic dart hits you!
* * * LOW HITPOINT WARNING * * *
You see here an orc corpse.
The orc wizard points at you and mumbles some strange words.
The magic dart hits you!
* * * LOW HITPOINT WARNING * * *
The orc wizard points at you and mumbles some strange words.
The magic dart hits you!
You die...

.... ......# ... ....... # #..
.......## #.#.. ........#
..... ........#
###.##.######### .......#
..#.##.<........
####...########.#.############
#......)(..†.@#.#.# #......#
#.###.###o)##.#.#.# #.####.#
#. ##.##.#.#.# #.#....# #.
#.##.#.#.#####.###### #.
#......#.............
#...................######
#..######.########### .. ...#
#####


You could see an orc wizard.

Vanquished Creatures
  An ogre (D:5)
  A centaur (D:5)
  A scorpion (D:4)
  A crimson imp (D:5)
  A howler monkey (D:5)
  A centaur skeleton (D:5)
  A hound (D:4)
  An orc priest (D:5)
  An iguana (D:4)
  4 worker ants
  A hound zombie (D:5)
  A worker ant zombie (D:5)
  Robin (D:4)
  10 adders
  3 gnolls (D:3)
  4 worms
  3 dart slugs
  7 leopard geckos
  7 orcs
  A ball python (D:4)
  3 giant cockroaches
  2 gnoll zombies (D:3)
  10 hobgoblins
  7 jackals
  2 quokkas
  10 bats
  5 frilled lizards
  16 goblins
  4 kobolds
  A quokka skeleton (D:4)
  11 rats
  A plant (D:4)
123 creatures vanquished.

Notes
Turn   | Place    | Note
-------+----------+-------------------------------------------
     0 | D:1      | Hebeh the Minotaur Fighter began the quest for the Orb.
     0 | D:1      | Reached XP level 1. HP: 19/19 MP: 0/0
   182 | D:1      | Reached XP level 2. HP: 27/27 MP: 1/1
   257 | D:1      | Reached skill level 3 in Axes
   597 | D:1      | Reached XP level 3. HP: 25/33 MP: 2/2
  1680 | D:2      | Reached XP level 4. HP: 40/40 MP: 3/3
  1961 | D:2      | Found a burning altar of Makhleb.
  1963 | D:2      | Noticed a blizzard demon
  2099 | D:3      | Reached skill level 4 in Axes
  2152 | D:3      | Found a snail-covered altar of Cheibriados.
  2558 | D:3      | Reached XP level 5. HP: 37/47 MP: 4/4
  2825 | D:3      | Found a basalt altar of Yredelemnul.
  3128 | D:4      | Found a shadowy altar of Dithmenos.
  3205 | D:4      | Found a glowing silver altar of Zin.
  3260 | D:4      | Found an iron altar of Okawaru.
  3314 | D:4      | Reached skill level 5 in Axes
  3314 | D:4      | Reached XP level 6. HP: 43/55 MP: 5/5
  3504 | D:4      | Reached skill level 5 in Shields
  3510 | D:4      | Noticed Robin
  3515 | D:4      | Killed Robin
  3515 | D:4      | Reached skill level 5 in Armour
  3597 | D:4      | Reached skill level 5 in Fighting
  4110 | D:4      | Found a hazy altar of Hepliaklqana.
  4110 | D:4      | Found a white marble altar of Elyvilon.
  4285 | D:5      | Entered Level 5 of the Dungeon
  4330 | D:5      | Reached skill level 1 in Slings
  4455 | D:5      | Reached skill level 6 in Axes
  4455 | D:5      | Reached XP level 7. HP: 61/61 MP: 6/6
  4507 | D:5      | Killed from afar by an orc wizard

Vault maps used:
D:1:      lightli_arrival_isolated_outpost, nrook_mini_vaults, glass_columns_b,
          minmay_crystal_water, st_stairs_4, minivault_24, minmay_pentomino_u4
D:2:      makhleb_altar_promises_db
D:3:      lemuel_crystal_altar, lemuel_zombie_altar_yredelemnul, first_ration,
          gup_sewer_entry_bubbles
D:4:      gammafunk_temple_overflow_forgotten, nicolae_overflow_crystal_walls,
          hangedman_decor_peaks_small, minmay_misc_feat_diagonals,
          okawaru_gym_becter, uniq_robin
D:5:      minmay_ruined_shrine

Skill      XL: |  1  2  3  4  5  6  7 |
---------------+----------------------+-----
Axes           | 3 4 5 6 |  6.6
Shields        | 4 5 |  5.6
Fighting       | 4 5 |  5.5
Armour         | 4 5 |  5.7
Slings         | 1 2 |  2.0

Action                   |  1- 3 |  4- 6 |  7- 9 || total
-------------------------+-------+-------+-------++-------
Melee: War axe           |   108 |   204 |    41 ||   353
       Headbutt          |     8 |    33 |     8 ||    49
       Whip              |     9 |       |       ||     9
  Use: Scroll            |     1 |       |       ||     1
  Eat: Chunk             |     3 |     8 |       ||    11
Armor: Scale mail        |    70 |    99 |    13 ||   182
Dodge: Dodged            |    37 |    54 |    10 ||   101
Block: Shield            |    70 |   119 |    24 ||   213

Table legend:
 A = Spawn XP
 B = Non-spawn XP
 C = Spawn XP percentage of total XP
 D = Spawn monster count
 E = Non-spawn monster count
 F = Spawn count percentage of total count
 G = Total turns spent on level
                    A         B        C        D         E        F      G
               +---------+---------+-------+---------+---------+-------+---------
         Total |       0 |    1121 |   0.0 |       0 |     122 |   0.0 |  4507
               +---------+---------+-------+---------+---------+-------+---------
           D:1 |       0 |      48 |   0.0 |       0 |      26 |   0.0 |   956
           D:2 |       0 |      75 |   0.0 |       0 |      20 |   0.0 |  1137
           D:3 |       0 |     131 |   0.0 |       0 |      31 |   0.0 |  1023
           D:4 |       0 |     366 |   0.0 |       0 |      30 |   0.0 |  1187
           D:5 |       0 |     501 |   0.0 |       0 |      15 |   0.0 |   204
               +---------+---------+-------+---------+---------+-------+---------
